 Dungeon Crawl Stone Soup version 0.30.0-5-g1a98f26d00 (webtiles) character file.

Game seed: 8550843843251891774

70635 qeuew the Tortoise (level 14, 127/127 HPs)
             Began as a Minotaur Fighter on May 11, 2023.
             Was an Initiate of Gozag.
             Quit the game on level 1 of the Spider Nest.
             The game lasted 00:30:54 (20094 turns).

qeuew the Tortoise (Minotaur Fighter)              Turns: 20094, Time: 00:30:54

Health: 127/127    AC: 19    Str: 28      XL:     14   Next: 94%
Magic:  13/13      EV: 23    Int: 15      God:    Gozag
Gold:   622        SH: 13    Dex: 18 (20) Spells: 13/13 levels left

rFire   . . .        w - +7 war axe of Chagrin {heavy, rPois Int+3}
rCold   . . .        c - +0 buckler
rNeg    . . .        l - +7 swamp dragon scales of Fyuthepp {rPois Str+3 Dex+3}
rPois   +            (helmet restricted)
rElec   .            (no cloak)
rCorr   .            (no gloves)
SInv    .            (no boots)
Will    +....        j - amulet "Epnuucze" {Reflect Int+7 SH+5}
Stlth   +            e - +5 ring of evasion
HPRegen 0.41/turn    s - +6 ring of dexterity
MPRegen 0.13/turn

%: reflection, clarity
@: studying Axes
A: horns 2, retaliatory headbutt, clarity, passive freeze, poison resistance
a: Renounce Religion, Potion Petition, Call Merchant, Bribe Branch


You were on level 1 of the Spider Nest.
You worshipped Gozag.
Gozag was pleased with you.
You visited 4 branches of the dungeon, and saw 17 of its levels.
You also visited: Ossuary.

You collected 7108 gold pieces.
You spent 4239 gold pieces at shops.
You paid 2247 gold pieces to Gozag.

Inventory:

Hand Weapons
 w - the +7 war axe of Chagrin (weapon) {heavy, rPois Int+3}
   (You bought it in a shop on level 1 of the Spider Nest)

   Int:       It affects your intelligence (+3).
   rPois:     It protects you from poison.
 I - a +5 war axe of freezing
Armour
 c - a +0 buckler (worn)
 l - the +7 swamp dragon scales of Fyuthepp (worn) {rPois Str+3 Dex+3}
   (You bought it in a shop on level 6 of the Dungeon)

   Str:       It affects your strength (+3).
   Dex:       It affects your dexterity (+3).
   rPois:     It protects you from poison.
Jewellery
 e - a +5 ring of evasion (left hand)
 j - the amulet "Epnuucze" (around neck) {Reflect Int+7 SH+5}
   (You acquired it on level 7 of the Dungeon)

   [amulet of reflection]

   It reflects blocked missile attacks.
   Int:       It affects your intelligence (+7).
   SH:        It affects your SH (+5).
 s - a +6 ring of dexterity (right hand)
 D - a ring of see invisible
Wands
 b - a wand of paralysis (8)
 d - a wand of iceblast (8)
 p - a wand of digging (7)
 u - a wand of flame (14)
 C - a wand of mindburst (13) (quivered)
 E - a wand of polymorph (1)
 G - a wand of quicksilver (6)
Scrolls
 a - a scroll of magic mapping
 f - 2 scrolls of poison
 g - 8 scrolls of teleportation
 i - 3 scrolls of identify
 q - a scroll of silence
 r - 2 scrolls of fear
 y - 2 scrolls of fog
 F - a scroll of blinking
 H - 4 scrolls of enchant armour
Potions
 h - 8 potions of curing
 k - a potion of invisibility
 m - a potion of berserk rage
 o - 2 potions of flight
 t - 3 potions of haste
 v - 2 potions of magic
 x - 4 potions of might
 z - 4 potions of mutation
 A - a potion of cancellation
Miscellaneous
 n - a lightning rod (3/4)


   Skills:
 + Level 12.9 Fighting
 + Level 13.0 Axes
 * Level 17.4 Armour
 + Level 11.4 Dodging
 + Level 13.0 Shields
 + Level 8.9 Evocations


You had 13 spell levels left.
You didn't know any spells.
Your spell library contained the following spells:

 Spells                   Type           Power      Damage    Failure   Level
 Shock                    Conj/Air       0%         1d3       36%         1
 Summon Small Mammal      Summ           0%         N/A       36%         1
 Ensorcelled Hibernation  Hex/Ice        0%         N/A       50%         2
 Lesser Beckoning         Tloc           0%         N/A       50%         2
 Passwall                 Tmut/Erth      0%         N/A       50%         2
 Static Discharge         Conj/Air       0%         2-2/arc   50%         2
 Call Canine Familiar     Summ           0%         N/A       75%         3
 Gell's Gravitas          Tloc           0%         N/A       75%         3
 Summon Guardian Golem    Hex/Summ       0%         N/A       75%         3
 Swiftness                Air            0%         N/A       75%         3
 Teleport Other           Tloc           0%         N/A       75%         3
 Airstrike                Air            0%         2d(0-16)  98%         4
 Summon Ice Beast         Ice/Summ       0%         N/A       98%         4
 Summon Lightning Spire   Summ/Air       0%         N/A       98%         4
 Summon Mana Viper        Hex/Summ       0%         N/A       100%        5
 Haunt                    Necr/Summ      0%         N/A       100%        7
 Monstrous Menagerie      Summ           0%         N/A       100%        7
 Infestation              Necr           0%         N/A       100%        8
 Animate Dead             Necr           Unusable   N/A       N/A         4

Dungeon Overview and Level Annotations

Branches:
Dungeon (9/15)             Temple (0/1) D:5            Lair (5/5) D:9
  Swamp (0/4) Lair:3       Spider (1/4) Lair:2        Slime (0/5) Lair:4
    Orc (2/2) D:9             Elf (0/3) Orc:2       Ossuary (visited)

Altars:
Elyvilon
Gozag
Hepliaklqana
Okawaru
Ru
Uskayaw
Wu Jian
Xom
Yredelemnul
Jiyva

Shops:
D:3 !   D:6 *[   Orc:1 [   Orc:2 ?**?[(   Spider:1 (=

Annotations:
Lair:5 exclusion: oklob plant


Innate Abilities, Weirdness & Mutations

You have a pair of horns on your head.
You reflexively headbutt those who attack you in melee.
You possess an exceptional clarity of mind.
A frigid envelope surrounds you and freezes all who hurt you.
Your system is resistant to poisons. (rPois)


Message History

The wolf spider is almost dead.
A wolf spider is nearby!
You slash the wolf spider! You freeze the wolf spider.
You kill the wolf spider!
You now have 2630 gold pieces (gained 4).
H - 4 scrolls of enchant armour (gained 1)
There is a crawl-hole back to the Lair here.
Done exploring.
No target in view!
Done exploring.
Done exploring.
No target in view!
Done exploring.
No target in view!
Done exploring.
No target in view!
Done exploring.
No target in view!
Done exploring.
No target in view!
As you read the scroll of identify, it crumbles to dust.
a - a scroll of magic mapping [a] 665 gold - Xaqiorod's General Store [b] 632 gold - Xodiehuh's Distillery [c] 593 gold - Yczyru's Antique Weapon Boutique Fund which merchant?
Yczyru invites you to visit his Antique Weapon Boutique.
w - the +7 war axe of Chagrin {heavy, rPois Int+3} Thank you for shopping at Yczyru's Antique Weapon Boutique!
Your +5 war axe of freezing stops glowing.
You feel clever.
w - the +7 war axe of Chagrin (weapon)
{heavy, rPois Int+3} [a] 613 gold - Refiuw's Weapon Shop [b] 1177 gold - Xotischua's Jewellery Emporium [c] 642 gold - Qihovvodgh's Assorted Antiques Fund which merchant?
You no longer have enough gold to fund merchants seeking to open stores in the dungeon.
Xotischua invites you to visit their Jewellery Emporium.
Okay, then.
Are you sure you want to abandon this character and quit the game? (Confirm with "yes".)

# ### ## ##.## ###
.# #...# ##.## ####
.####>.## #...###..#
.#.....# ##...#...#
.......# ##.#......#
......## #.....∩@..#
.......###^........#
......^##..........#
....#####......^...#
#...#.<..........###
###.......#...#.##
#......##..####
#..######### ####


There were no monsters in sight!

Vanquished Creatures
  Jorgrun (Orc:2)
  A ghost moth (Spider:1)
  The ghost of Kisosi the Severer, a journeyman DDFi of Makhleb (Orc:1)
  Nessos (Lair:3)
  Azrael (Spider:1)
  5 hydras
  A catoblepas (Lair:2)
  A radroach (Spider:1)
  A two-headed ogre (Orc:2)
  2 boulder beetles (Lair:5)
  4 orc high priests
  8 death yaks (Lair:5)
  A skyshark (Lair:5)
  A pharaoh ant (Lair:2)
  3 bog bodies (Lair:3)
  2 orb spiders (Spider:1)
  3 steelbarb worms (Spider:1)
  9 orc knights
  5 orc sorcerers
  2 wolf spiders (Spider:1)
  A moth of wrath (Spider:1)
  10 elephants (Lair:5)
  7 black mambas
  3 demonic crawlers (Spider:1)
  12 cane toads
  Maggie (D:8)
  A komodo dragon (Lair:3)
  3 rime drakes
  10 polar bears
  3 trolls
  Grinder (D:6)
  5 tarantellas
  13 blink frogs
  2 raiju (Lair:5)
  12 jumping spiders (Spider:1)
  Sigmund (D:5)
  3 culicivoras (Spider:1)
  18 yaks
  A wraith (D:9)
  Eustachio (D:6)
  3 wyverns
  A basilisk (Lair:4)
  14 redbacks
  3 fire elementals (Spider:1)
  Grum (Lair:1)
  2 steam dragons
  Menkaure (D:7)
  4 wargs (Lair:5)
  3 swamp worms (Lair:3)
  16 water moccasins
  Duvessa (D:7)
  16 hell hounds
  An ice beast (D:6)
  2 sky beasts
  32 orc warriors
  15 black bears
  5 ogres
  22 wolves
  2 centaurs (D:9)
  An elf zombie (Ossuary)
  2 kobold brigands (D:9)
  10 bullfrogs
  4 scorpions
  11 wights
  Dowan (D:7)
  10 killer bees
  A howler monkey (D:9)
  2 electric eels
  4 hounds
  3 jellies
  A human zombie (Ossuary)
  14 orc priests
  3 gnoll boudas
  22 orc wizards
  5 iguanas
  Ijyb (D:4)
  2 hound zombies (Ossuary)
  4 mummies (Ossuary)
  15 gnolls
  6 adders
  A shadow imp (D:8)
  2 ufetubi (D:5)
  4 dart slugs
  76 orcs
  4 bats
  2 endoplasms
  A giant cockroach (D:1)
  A gnoll zombie (Ossuary)
  9 goblins
  9 hobgoblins
  8 jackals
  7 quokkas
  10 ball pythons
  3 frilled lizards
  A goblin zombie (Ossuary)
  2 hobgoblin zombies (Ossuary)
  A jackal zombie (Ossuary)
  18 kobolds
  A kobold zombie (Ossuary)
  2 orc zombies (Ossuary)
  3 rats
592 creatures vanquished.

Vanquished Creatures (others)
  A water moccasin (D:9)
  A gnoll sergeant (D:9)
  An orc wizard (Orc:2)
3 creatures vanquished.

Grand Total: 595 creatures vanquished

Notes
Turn   | Place    | Note
-------+----------+-------------------------------------------
     0 | D:1      | qeuew the Minotaur Fighter began the quest for the Orb.
     0 | D:1      | Reached XP level 1. HP: 19/19 MP: 0/0
    90 | D:1      | Reached skill level 4 in Armour
    90 | D:1      | Reached XP level 2. HP: 23/27 MP: 1/1
   364 | D:1      | Reached XP level 3. HP: 33/33 MP: 2/2
   396 | D:1      | Reached skill level 1 in Dodging
  1157 | D:2      | Found a shimmering altar of Xom.
  1455 | D:2      | Reached XP level 4. HP: 40/40 MP: 3/3
  1667 | D:3      | Found Ydecsata's Distillery.
  2060 | D:3      | Bought a potion of mutation for 80 gold pieces
  2060 | D:3      | Gained mutation: You are vulnerable to heat. (rF-) [potion
                  | of mutation]
  2060 | D:3      | Gained mutation: You are clumsy. (Dex -2) [potion of
                  | mutation]
  2060 | D:3      | Gained mutation: Your spells are a little harder to cast,
                  | but a little more powerful. [potion of mutation]
  2133 | D:4      | Identified the +5 robe of Xutzib {Rampage Fly Dex-4}
  2158 | D:4      | Found an opulent altar of Gozag.
  2169 | D:4      | Noticed Ijyb
  2169 | D:4      | Noticed a scorpion
  2182 | D:4      | Killed a scorpion
  2183 | D:4      | Reached skill level 5 in Armour
  2183 | D:4      | Reached XP level 5. HP: 3/47 MP: 4/4
  2188 | D:4      | Killed Ijyb
  2193 | D:4      | Became a worshipper of Gozag Ym Sagoz the Greedy
  2522 | D:4      | Found a white marble altar of Elyvilon.
  2624 | D:4      | Reached XP level 6. HP: 53/53 MP: 5/5
  3112 | D:3      | Bought a potion of mutation for 80 gold pieces
  3112 | D:3      | Lost mutation: Your spells are a little harder to cast, but
                  | a little more powerful. [potion of mutation]
  3112 | D:3      | Lost mutation: You are clumsy. (Dex -2) [potion of
                  | mutation]
  3112 | D:3      | Lost mutation: You are vulnerable to heat. (rF-) [potion of
                  | mutation]
  3112 | D:3      | Gained mutation: Your body sometimes deteriorates upon
                  | taking damage. [potion of mutation]
  3157 | D:5      | Entered Level 5 of the Dungeon
  3174 | D:5      | Reached skill level 6 in Armour
  3182 | D:5      | Reached skill level 5 in Fighting
  3182 | D:5      | Reached skill level 5 in Shields
  3350 | D:5      | Reached XP level 7. HP: 61/61 MP: 6/6
  3423 | D:5      | Found a staircase to the Ecumenical Temple.
  3482 | D:5      | Lost mutation: Your body sometimes deteriorates upon taking
                  | damage. [potion of mutation]
  3482 | D:5      | Gained mutation: You occasionally lose the ability to read
                  | scrolls when taking damage. [potion of mutation]
  3482 | D:5      | Gained mutation: You are partially covered in iridescent
                  | scales. (AC +2) [potion of mutation]
  3482 | D:5      | Gained mutation: You expend magic power (3 MP) to
                  | strengthen your wands. [potion of mutation]
  3566 | D:5      | Noticed Sigmund
  3578 | D:5      | Killed Sigmund
  3711 | D:5      | Found a hazy altar of Hepliaklqana.
  3842 | D:6      | Noticed Grinder
  3848 | D:6      | Killed Grinder
  3849 | D:6      | Reached skill level 5 in Axes
  3849 | D:6      | Reached skill level 7 in Armour
  3936 | D:6      | Reached XP level 8. HP: 70/70 MP: 7/7
  3981 | D:6      | Reached skill level 1 in Evocations
  4037 | D:6      | Noticed Eustachio
  4081 | D:6      | Killed Eustachio
  4082 | D:6      | Reached skill level 8 in Armour
  4260 | D:6      | Found Diophetu's General Store.
  4546 | D:6      | Found Turambar's Dragon-Slaying Spoils.
  4747 | D:7      | Noticed Dowan
  4750 | D:7      | Noticed Duvessa
  4757 | D:7      | Killed Dowan
  4763 | D:7      | Killed Duvessa
  4869 | D:7      | Noticed Menkaure
  4889 | D:7      | HP: 2/71 [gnoll/+0 halberd[a gnoll bouda] (10)]
  4894 | D:7      | Killed Menkaure
  4895 | D:7      | Reached XP level 9. HP: 17/78 MP: 8/8
  5112 | D:7      | Reached skill level 5 in Dodging
  5325 | D:7      | Reached skill level 9 in Armour
  5545 | D:7      | Identified a scroll of acquirement
  5546 | D:7      | Acquired the amulet "Epnuucze" {Reflect Int+7 SH+5}
  5611 | D:8      | Found a sand-covered staircase.
  5624 | Ossuary  | Entered an ossuary
  5994 | D:8      | Noticed Maggie
  6008 | D:8      | Killed Maggie
  6192 | D:8      | Reached skill level 10 in Armour
  6199 | D:8      | Reached XP level 10. HP: 60/86 MP: 9/9
  6698 | D:8      | Found an ornate altar of the Wu Jian Council.
  6701 | D:8      | Found a sacrificial altar of Ru.
  6944 | D:8      | Found a basalt altar of Yredelemnul.
  6949 | D:8      | Found an iron altar of Okawaru.
  7035 | D:6      | Bought the +7 swamp dragon scales of Fyuthepp {rPois Str+3
                  | Dex+3} for 1032 gold pieces
  7113 | D:9      | HP: 4/86 [troll (4)]
  7345 | D:9      | Reached skill level 11 in Armour
  7568 | D:9      | Lost mutation: You occasionally lose the ability to read
                  | scrolls when taking damage. [potion of mutation]
  7568 | D:9      | Lost mutation: You expend magic power (3 MP) to strengthen
                  | your wands. [potion of mutation]
  7568 | D:9      | Gained mutation: Your mind is acute. (Int +4, Str/Dex -1)
                  | [potion of mutation]
  7569 | D:9      | Lost mutation: You are partially covered in iridescent
                  | scales. (AC +2) [potion of mutation]
  7569 | D:9      | Lost mutation: Your mind is acute. (Int +4, Str/Dex -1)
                  | [potion of mutation]
  7569 | D:9      | Gained mutation: You possess an exceptional clarity of
                  | mind. [potion of mutation]
  7569 | D:9      | Gained mutation: You have hidden genetic potential. [potion
                  | of mutation]
  7570 | D:9      | Found a staircase to the Orcish Mines.
  7580 | D:9      | Found a staircase to the Lair.
  7742 | D:9      | Identified the +12 shortbow of the Lamprey {heavy, Will+}
  8181 | D:9      | Reached XP level 11. HP: 66/95 MP: 10/10
  8402 | Lair:1   | Entered Level 1 of the Lair of Beasts
  8925 | Lair:1   | Noticed Grum
  8932 | Lair:1   | Reached skill level 5 in Evocations
  8939 | Lair:1   | Killed Grum
  8940 | Lair:1   | Reached skill level 12 in Armour
  9373 | Lair:2   | Noticed a seven-headed hydra
  9379 | Lair:1   | Killed a seven-headed hydra
  9394 | Lair:1   | Gained mutation: A frigid envelope surrounds you and
                  | freezes all who hurt you. [hidden potential]
  9560 | Lair:2   | Found a hole to the Spider Nest.
  9560 | Lair:2   | Noticed a pharaoh ant
  9569 | Lair:2   | Killed a pharaoh ant
  9830 | Lair:2   | Noticed a five-headed hydra
  9837 | Lair:2   | Killed a five-headed hydra
 10070 | Lair:2   | Noticed a catoblepas
 10088 | Lair:2   | Killed a catoblepas
 10185 | Lair:2   | Reached skill level 13 in Armour
 10329 | Lair:2   | You fall into a shaft and drop 1 floor!
 10337 | Lair:3   | Noticed a five-headed hydra
 10347 | Lair:3   | Killed a six-headed hydra
 10349 | Lair:3   | Reached XP level 12. HP: 45/106 MP: 11/11
 10381 | Lair:3   | Reached skill level 10 in Shields
 10731 | Lair:3   | Reached skill level 10 in Fighting
 10745 | Lair:3   | Gained mutation: Your system is resistant to poisons.
                  | (rPois) [hidden potential]
 10745 | Lair:3   | Lost mutation: You have hidden genetic potential. [hidden
                  | potential expressed]
 11269 | Lair:2   | Reached skill level 10 in Axes
 11536 | Lair:3   | Noticed Nessos
 11542 | Lair:3   | Killed Nessos
 11954 | Lair:3   | Reached skill level 14 in Armour
 11993 | Lair:3   | Found a staircase to the Swamp.
 12464 | Lair:4   | Noticed a five-headed hydra
 12469 | Lair:4   | Killed a five-headed hydra
 12932 | Lair:4   | Found a staircase to the Slime Pits.
 12933 | Lair:4   | Found a viscous altar of Jiyva.
 13200 | Lair:5   | Entered Level 5 of the Lair of Beasts
 13203 | Lair:5   | Noticed a seven-headed hydra
 13209 | Lair:5   | Noticed a boulder beetle
 13231 | Lair:5   | Reached XP level 13. HP: 66/115 MP: 12/12
 13495 | Lair:5   | Found an ornate altar of the Wu Jian Council.
 13497 | Lair:5   | Found a hide-covered altar of Uskayaw.
 13524 | Lair:5   | Reached skill level 15 in Armour
 13657 | Lair:5   | Identified the +7 quarterstaff of Tihischyu {freeze, rC++
                  | Int+7}
 13952 | Lair:5   | Reached skill level 10 in Dodging
 14700 | Lair:5   | Reached skill level 16 in Armour
 15364 | Orc:1    | Entered Level 1 of the Orcish Mines
 15364 | Orc:1    | Found a runed translucent gate.
 15364 | Orc:1    | Found a runed translucent gate.
 15364 | Orc:1    | Found a runed translucent gate.
 15375 | Orc:1    | Reached XP level 14. HP: 125/125 MP: 13/13
 15401 | Orc:1    | Noticed Kisosi's ghost (journeyman DDFi)
 15914 | Orc:1    | Found Afopul's Antique Armour Shop.
 16033 | Orc:1    | Killed Kisosi's ghost
 16326 | Orc:2    | Entered Level 2 of the Orcish Mines
 16326 | Orc:2    | Found a staircase to the Elven Halls.
 16581 | Orc:2    | Noticed Jorgrun
 16699 | Orc:2    | Killed Jorgrun
 17392 | Orc:1    | You fall into a shaft and drop 1 floor!
 17852 | Orc:2    | Found Plog's Magic Scroll Emporium.
 17852 | Orc:2    | Found Sipn's Armour Shop.
 17943 | Orc:2    | Found Coffea's Magic Scroll Boutique.
 17946 | Orc:2    | Bought a scroll of blinking for 105 gold pieces
 17946 | Orc:2    | Bought a scroll of enchant armour for 105 gold pieces
 17946 | Orc:2    | Bought a scroll of brand weapon for 133 gold pieces
 17946 | Orc:2    | Bought a scroll of enchant weapon for 105 gold pieces
 18013 | Orc:2    | Found Raedoch's General Store.
 18013 | Orc:2    | Found Urirho's Assorted Antiques.
 18019 | Orc:2    | Bought a scroll of enchant armour for 120 gold pieces
 18019 | Orc:2    | Bought a scroll of brand weapon for 152 gold pieces
 18019 | Orc:2    | Bought a scroll of blinking for 120 gold pieces
 18023 | Orc:2    | Bought a scroll of acquirement for 1768 gold pieces
 18027 | Orc:2    | Acquired a manual of Axes
 18032 | Orc:2    | Bought a runed war axe for 201 gold pieces
 18136 | Spider:1 | Entered Level 1 of the Spider Nest
 18216 | Spider:1 | Reached skill level 17 in Armour
 18267 | Spider:1 | Acquired 905 gold pieces
 18913 | Spider:1 | Noticed Azrael
 18937 | Spider:1 | Killed Azrael
 19812 | Spider:1 | Killed a ghost moth
 20091 | Spider:1 | Bought a polished war axe for 238 gold pieces
 20091 | Spider:1 | Identified the +7 war axe of Chagrin {heavy, rPois Int+3}
                  | (You bought it in a shop on level 1 of the Spider Nest)
 20094 | Spider:1 | Quit the game

Illustrated notes

Levels and vault maps discovered:
D:1:      nzn_arrival_crosshair, layout_loops_corners, serial_glass,
          glass_columns_a, glass_columns_b, minmay_misc_feat_rugged
D:2:      layout_rooms, basic_altar, kennysheep_generic_room_8
D:3:      layout_loops_ring, serial_shops, shop
D:4:      layout_basic, grunt_gozag_statues, mainiacjoe_overflow_alcove_2,
          uniq_ijyb
D:5:      layout_rooms, nicolae_overflow_hidden_temple,
          minmay_temple_entry_nine_rooms, uniq_sigmund
D:6:      layout_cave_pools, serial_shops, nicolae_shop_stone,
          minmay_door_square, nicolae_shop_dragon_depot, uniq_grinder,
          uniq_eustachio
D:7:      layout_basic, hex_large, uniq_duvessa, uniq_menkaure
D:8:      layout_loops_ring, minitemple, enter_bailey_4, enter_ossuary_5,
          minmay_misc_feat_x, uniq_maggie
D:9:      layout_roguey [special_room_orc], grunt_lair_entry_orc_guard_hut,
          minmay_orc_entry_temple_small, kennysheep_kite_vault
Lair:1:   layout_cave_pods, uniq_grum
Lair:2:   layout_cave_pods, nicolae_spider_entry_lesser_pyramids,
          lemuel_fruit_fields
Lair:3:   layout_regular_city, nicolae_swamp_entry_splash_gauntlet, uniq_nessos
Lair:4:   layout_roguey, slime_entry_1, grunt_megastairs_1
Lair:5:   hangedman_lair_caniforms_friends, layout_long_grid,
          serial_bayou_lagoon_a, nzn_masters_of_martial_movement,
          serial_bayou_shore_a
Spider:1: layout_spider_delve, uniq_azrael
Orc:1:    layout_caves, gammafunk_ghost_split, basic_altar, serial_shops,
          nicolae_shop_window_shopping
Orc:2:    grunt_orc_tribal_feast, layout_caves, serial_shops,
          nicolae_shop_rolled_up, uniq_jorgrun

Skill      XL: |  1  2  3  4  5  6  7  8  9 10 11 12 13 14 |
---------------+-------------------------------------------+-----
Armour         | 4 5 6 7 8 10 11 13 14 16 17 | 17.4
Dodging        | 1 2 3 4 6 7 8 9 10 11 | 11.4
Fighting       | 4 5 6 7 8 9 10 11 12 | 12.9
Axes           | 3 4 5 6 7 8 9 10 11 13 | 13.0
Shields        | 4 5 6 7 8 9 10 12 13 | 13.0
Evocations     | 2 3 4 5 7 8 |  8.9

Action                     |  1- 3 |  4- 6 |  7- 9 | 10-12 | 13-15 || total
---------------------------+-------+-------+-------+-------+-------++-------
  Melee: War axe           |    83 |    94 |   264 |   528 |   714 ||  1683
         Headbutt          |    11 |    13 |    72 |   124 |   191 ||   411
 Invoke: Call Merchant     |       |       |       |       |     3 ||     3
  Evoke: Wand              |       |       |       |    14 |    13 ||    27
         Lightning rod     |       |       |       |       |     8 ||     8
    Use: Potion            |     3 |    10 |     8 |     3 |     4 ||    28
         Scroll            |     3 |     5 |     5 |    11 |    15 ||    39
   Stab: Invisible         |       |     1 |       |       |       ||     1
         Distracted        |       |       |     1 |     5 |     5 ||    11
 Armour: Scale mail        |    28 |    28 |    70 |     6 |       ||   132
         Swamp dragon scal |       |       |       |   134 |   157 ||   291
  Dodge: Dodged            |    59 |    92 |   239 |   486 |   570 ||  1446
  Block: Buckler           |    21 |    25 |    98 |   405 |   548 ||  1097
         Reflection        |       |       |       |    10 |    15 ||    25
